 Dungeon Crawl Stone Soup version 0.30.1-10-g1249ef9ec4 (webtiles) character file.

Game seed: 7490923220068546471

2597 lonewolfV2 the Covered (level 9, -9/63 HPs)
             Began as a Demonspawn Fighter on Oct 26, 2023.
             Was a Follower of Qazlal.
             Mangled by a two-headed ogre
             ... wielding a +0 giant spiked club
              (25 damage)
             ... on level 8 of the Dungeon.
             The game lasted 00:09:02 (5997 turns).

lonewolfV2 the Covered (Demonspawn Fighter)         Turns: 5997, Time: 00:09:02

Health: -9/63      AC: 15    Str: 19    XL:     9   Next: 33%
Magic:  14/14      EV: 11    Int: 18    God:    Qazlal [*.....]
Gold:   105        SH:  2    Dex:  9    Spells: 8/8 levels left

rFire   x . .        o - +7 hand axe "Pewus" {freeze, rElec rF- Int+8 Dex-5}
rCold   + + .        (no shield)
rNeg    . . .        f - +0 ice dragon scales
rPois   .            (no helmet)
rElec   +            (no cloak)
rCorr   .            (gloves unavailable)
SInv    .            y - +0 pair of boots
Will    +....        (no amulet) Stlth
                     q - ring of willpower
HPRegen 3.30/turn    A - ring of protection from fire
MPRegen 0.14/turn

%: no passive effects
@: no status effects
A: yellow scales 1, powered by death 2, spiny 2, demonic touch 3, wild magic 1
a: Renounce Religion


You were on level 8 of the Dungeon.
You worshipped Qazlal.
Qazlal was aware of your devotion.
You visited 2 branches of the dungeon, and saw 9 of its levels.

You collected 355 gold pieces.
You spent 250 gold pieces at shops.

Inventory:

Hand Weapons
 a - a +1 war axe
 o - the +7 hand axe "Pewus" (weapon) {freeze, rElec rF- Int+8 Dex-5}
   (You found it on level 2 of the Dungeon)

   Int:       It affects your intelligence (+8).
   Dex:       It affects your dexterity (-5).
   rF:        It makes you vulnerable to fire.
   rElec:     It insulates you from electricity.
Armour
 b - a +0 scale mail
 c - a +0 buckler
 f - +0 ice dragon scales (worn)
 y - a +0 pair of boots (worn)
Jewellery
 q - a ring of willpower (left hand)
 A - a ring of protection from fire (right hand)
 B - a +4 ring of protection
Wands
 l - a wand of roots (13)
 u - a wand of polymorph (7)
 w - a wand of charming (16)
 z - a wand of flame (24)
 C - a wand of mindburst (10)
Scrolls
 g - a scroll of silence
 i - a scroll of enchant weapon
 k - 2 scrolls of torment
 s - a scroll of magic mapping
 t - a scroll of fog
 x - 2 scrolls of teleportation
 E - a scroll of identify
 F - a scroll of enchant armour {unknown}
 G - a scroll of immolation {unknown}
Potions
 d - 2 potions of might
 e - 3 potions of cancellation
 h - a potion of degeneration
 j - a potion of heal wounds {unknown}
 m - 4 potions of haste
 n - a potion of resistance {unknown}
 p - a potion of lignification {unknown}
 r - 2 potions of brilliance {unknown}
 v - 2 potions of curing
 D - a potion of attraction {unknown}


   Skills:
 - Level 3.0 Fighting
 - Level 1.7 Axes
 + Level 7.6 Armour
 + Level 7.6 Dodging
 - Level 2.6 Shields
 + Level 7.2 Invocations


You had 8 spell levels left.
You didn't know any spells.
Your spell library contained the following spells:

 Spells                   Type           Power      Damage    Failure   Level
 Dazzling Flash           Conj/Hex       0%         N/A       95%         3
 Inner Flame              Hex/Fire       0%         N/A       95%         3
 Volatile Blastmotes      Fire/Tloc      0%         2d10      95%         3
 Flame Wave               Conj/Fire      0%         2d4       100%        4
 Iskenderun's Mystic Bla  Conj/Tloc      0%         2d3       100%        4
 Sticky Flame             Conj/Fire      0%         2d3       100%        4
 Starburst                Conj/Fire      0%         6d3       100%        6


Dungeon Overview and Level Annotations

Branches:
Dungeon (8/15)             Temple (1/1) D:4
   Lair: D:8-11

Altars:
Cheibriados
Dithmenos
Kikubaaqudgha
Nemelex Xobeh
Qazlal
Ru
Sif Muna
Trog
Vehumet
Wu Jian
Xom
Yredelemnul

Shops:
D:6 *   D:7 =

Annotations:
D:8 1 runed translucent door, monsoonserge's ghost, novice MeMo


Innate Abilities, Weirdness & Mutations

You are partially covered in yellow scales. (AC +2)
You regenerate health from kills.
You are mostly covered in sharp spines.
Your touch may irresistibly damage your foes and sap their willpower.
Your spells are a little harder to cast, but a little more powerful.


Message History

A battlesphere comes into view.
Things that are here:
a +0 dagger; a kobold corpse You closely miss the tengu conjurer.
You hit the battlesphere.
The tengu conjurer is engulfed in blazing flames.
The tengu conjurer hits you but does no damage.
The tengu conjurer barely misses you. The tengu conjurer closely misses you.
A two-headed ogre comes into view.
It is wielding two +0 giant spiked clubs.
You miss the tengu conjurer.
The tengu conjurer is moderately wounded.
The tengu conjurer is engulfed in blazing flames.
The tengu conjurer hits you but does no damage.
The tengu conjurer barely misses you. x2
You completely miss the tengu conjurer. Your touch misses the tengu conjurer.
The tengu conjurer is heavily wounded.
The tengu conjurer is engulfed in blazing flames.
The tengu conjurer gestures at you while chanting.
The bolt of lightning hits you! You resist. The bolt of lightning hits you!
You resist.
The tengu conjurer is engulfed in blazing flames.
You kill the tengu conjurer!
Qazlal accepts your kill.
The battlesphere dissipates.
You hear a shout!
Your Invocations skill increases to level 7!
The two-headed ogre hits you with a +0 giant spiked club!!
The two-headed ogre barely misses you.
You barely miss the two-headed ogre.
The two-headed ogre completely misses you.
The two-headed ogre hits you with a +0 giant spiked club!
You hit the two-headed ogre. You freeze the two-headed ogre.
The two-headed ogre is lightly wounded.
You slash the two-headed ogre! You freeze the two-headed ogre.
The two-headed ogre is heavily wounded.
The two-headed ogre hits you with a +0 giant spiked club!!
* * * LOW HITPOINT WARNING * * *
The two-headed ogre closely misses you.
You feel better.
The two-headed ogre hits you with a +0 giant spiked club!!
You die...

#....... #......#. .
#...#..##. #.
...###.... ##.
###.......... #...
#....# #..#..
.....#######..#
##.##..
.>.....#.#....#
##....†.
#.O@)).#..###.......
##°..))##......#....
##.##..#......##..#
#..###........#..##
#...#.............##
#..............##...
##....##.......###..
##... ##...........
.. #....####....


You could see a two-headed ogre.

Vanquished Creatures
  A tengu conjurer (D:8)
  Grinder (D:4)
  Sigmund (D:5)
  A steam dragon (D:5)
  Menkaure (D:6)
  2 orc warriors
  A sky beast (D:7)
  An ice beast (D:6)
  A black bear (D:6)
  2 phantoms (D:5)
  2 kobold brigands
  2 bullfrogs
  4 scorpions
  A howler monkey (D:4)
  2 jellies
  Crazy Yiuf (D:3)
  4 hounds
  A sleepcap (D:7)
  Jessica (D:3)
  An iguana (D:6)
  3 orc wizards
  3 gnolls (D:5)
  8 adders
  2 shadow imps
  A white imp (D:4)
  2 ufetubi
  2 worms (D:2)
  3 dart slugs
  16 orcs
  10 ball pythons
  4 bats (D:2)
  5 endoplasms
  8 giant cockroaches
  5 goblins
  5 hobgoblins
  2 jackals (D:4)
  5 quokkas
  2 frilled lizards
  22 kobolds
  9 rats
148 creatures vanquished.

Notes
Turn   | Place    | Note
-------+----------+-------------------------------------------
     0 | D:1      | lonewolfV2 the Demonspawn Fighter began the quest for the
                  | Orb.
     0 | D:1      | Reached XP level 1. HP: 18/18 MP: 1/1
   237 | D:1      | Reached skill level 1 in Dodging
   338 | D:1      | Gained mutation: You regenerate a little health from kills.
                  | [demonic ancestry]
   338 | D:1      | Reached XP level 2. HP: 24/24 MP: 2/2
  1261 | D:2      | Gained mutation: You are partially covered in sharp spines.
                  | [demonic ancestry]
  1261 | D:2      | Reached XP level 3. HP: 29/29 MP: 3/3
  1427 | D:2      | Found a faded altar of an unknown god.
  1499 | D:2      | Identified the +7 hand axe "Pewus" {freeze, rElec rF- Int+8
                  | Dex-5}
  1601 | D:2      | Gained mutation: Your touch may inflict minor irresistible
                  | damage on your foes. [demonic ancestry]
  1601 | D:2      | Reached XP level 4. HP: 35/35 MP: 4/4
  1901 | D:3      | Noticed Jessica
  2060 | D:3      | Killed Jessica
  2216 | D:3      | Found an ornate altar of the Wu Jian Council.
  2251 | D:3      | Noticed a scorpion
  2255 | D:3      | Killed a scorpion
  2256 | D:3      | Gained mutation: Your touch may inflict irresistible damage
                  | on your foes. [demonic ancestry]
  2256 | D:3      | Reached XP level 5. HP: 33/41 MP: 5/5
  2363 | D:3      | Found a sacrificial altar of Ru.
  2511 | D:3      | Found a runed translucent door.
  2512 | D:3      | Noticed Crazy Yiuf
  2594 | D:3      | Found a large runed translucent door.
  2596 | D:3      | Found a large runed translucent door.
  2867 | D:3      | Found a shimmering blue altar of Sif Muna.
  2939 | D:3      | Killed Crazy Yiuf
  3121 | D:4      | Noticed Grinder
  3139 | D:4      | Killed Grinder
  3140 | D:4      | Reached skill level 5 in Dodging
  3140 | D:4      | Gained mutation: You are mostly covered in sharp spines.
                  | [demonic ancestry]
  3140 | D:4      | Reached XP level 6. HP: 30/47 MP: 6/6
  3362 | D:4      | Found a sparkling altar of Nemelex Xobeh.
  3438 | D:4      | Gained mutation: Your touch may irresistibly damage your
                  | foes and sap their willpower. [demonic ancestry]
  3438 | D:4      | Reached XP level 7. HP: 52/52 MP: 7/7
  3634 | D:4      | Found a staircase to the Ecumenical Temple.
  3828 | Temple   | Entered the Ecumenical Temple
  3835 | Temple   | Became a worshipper of Qazlal Stormbringer
  3859 | D:4      | Gained mutation: Your spells are a little harder to cast,
                  | but a little more powerful. [potion of mutation]
  3868 | D:5      | Entered Level 5 of the Dungeon
  3881 | D:5      | Noticed a steam dragon
  3890 | D:5      | Killed a steam dragon
  3891 | D:5      | Reached skill level 5 in Armour
  3891 | D:5      | Reached skill level 1 in Invocations
  4306 | D:5      | Found a basalt altar of Yredelemnul.
  4409 | D:5      | Noticed Sigmund
  4423 | D:5      | Killed Sigmund
  4424 | D:5      | Gained mutation: You are partially covered in yellow
                  | scales. (AC +2) [demonic ancestry]
  4424 | D:5      | Reached XP level 8. HP: 56/58 MP: 10/10
  4603 | D:6      | Noticed Menkaure
  4912 | D:6      | Killed Menkaure
  5027 | D:6      | Reached skill level 5 in Invocations
  5027 | D:6      | Reached * piety under Qazlal
  5149 | D:6      | Found a shadowy altar of Dithmenos.
  5174 | D:6      | Found Uqoacev's Assorted Antiques.
  5371 | D:7      | Found Juorre's Jewellery Boutique.
  5380 | D:7      | Bought a ring of protection from fire for 250 gold pieces
  5510 | D:7      | Gained mutation: You regenerate health from kills. [demonic
                  | ancestry]
  5510 | D:7      | Reached XP level 9. HP: 63/63 MP: 13/13
  5830 | D:8      | Found a runed translucent door.
  5832 | D:8      | Found a shimmering altar of Xom.
  5832 | D:8      | Noticed monsoonserge's ghost (novice MeMo)
  5832 | D:8      | Noticed a +0 war axe of chaos
  5985 | D:8      | Noticed a tengu conjurer
  5990 | D:8      | Noticed a two-headed ogre
  5992 | D:8      | Killed a tengu conjurer
  5997 | D:8      | Mangled by a two-headed ogre

Illustrated notes

Levels and vault maps discovered:
D:1:      scummos_arrival_forest, layout_loops_corners, minmay_misc_feat_plants,
          minmay_pentomino_p2
D:2:      layout_loops_ring, chequers_ecumenical_altar_simple_redux
D:3:      layout_basic, mainiacjoe_overflow_cross_hatched,
          mainiacjoe_overflow_six_doors_small, jmf_multi_god_temple2,
          minmay_vboxes, uniq_crazy_yiuf_cottage, uniq_jessica
D:4:      layout_loops_ring, overflow_temple_1_default,
          nemelex_diamond_rough_becter, minmay_temple_entry_crystal_x,
          portal_sewer_entry_f, kennysheep_generic_room_15, uniq_grinder
D:5:      layout_basic, kennysheep_mini, uniq_sigmund
D:6:      layout_rooms, mainiacjoe_overflow_small_starburst, serial_shops, shop,
          uniq_menkaure
D:7:      layout_rooms, nicolae_stop_n_shop_1, nrook_mini_backslash
D:8:      minmay_bloctagon_deflated, layout_cave_pools, ebering_ghost_xom,
          hangedman_abyss_or_decor_lesser_grid
Temple:   nicolae_temple_ecumenical_triangle

Skill      XL: |  1  2  3  4  5  6  7  8  9 |
---------------+----------------------------+-----
Dodging        | 1 2 3 5 6 7 |  7.6
Armour         | 3 4 6 7 |  7.6
Invocations    | 3 6 7 |  7.2
Fighting       | |  3.0
Axes           | |  1.7
Shields        | |  2.6

Action                     |  1- 3 |  4- 6 |  7- 9 || total
---------------------------+-------+-------+-------++-------
  Melee: War axe           |    71 |       |       ||    71
         Hand axe          |     9 |    59 |   116 ||   184
         Touch             |       |     5 |     8 ||    13
    Use: Scroll            |     3 |     5 |     6 ||    14
         Potion            |       |       |     2 ||     2
 Armour: Scale mail        |    30 |    17 |    37 ||    84
         Ice dragon scales |     1 |       |    21 ||    22
  Dodge: Dodged            |    31 |    29 |    79 ||   139
  Block: Buckler           |    18 |       |       ||    18
         Other             |       |       |     1 ||     1
